 Dungeon Crawl Stone Soup version 0.21.1-1-g345015f (webtiles) character file.

9712 zishaf the Severer (level 11, -4/153 HPs)
             Began as a Minotaur Fighter on May 15, 2018.
             Was an Initiate of Gozag.
             Slain by a spiny frog (7 damage)
             ... on level 2 of the Lair of Beasts.
             The game lasted 00:24:08 (9921 turns).

zishaf the Severer (Minotaur Fighter)               Turns: 9921, Time: 00:24:09

Health: -4/153     AC: 11    Str: 28    XL:     11   Next: 26%
Magic:  10/10      EV:  9    Int:  5    God:    Gozag
Gold:   788        SH: 10    Dex: 15    Spells: 10/10 levels left

rFire    . . .     SeeInvis .   a - +0 war axe
rCold    . . .     Gourm    .   c - +0 shield
rNeg     . . .     Faith    .   b - +0 scale mail
rPois    .         Spirit   .   (helmet restricted)
rElec    .         Reflect  .   (no cloak)
rCorr    .         Harm     .   o - +2 pair of gloves
MR       .....                  (no boots)
Stlth    ..........             s - amulet of rage
HPRegen  0.35/turn              u - ring "Hiyqehoclih" {Dex+4 Stlth+}
MPRegen  0.12/turn              K - +2 ring of evasion

@: berserking, lethally poisoned (-4 -> -28), very quick
A: retaliatory headbutt, horns 2
a: Potion Petition, Call Merchant, Bribe Branch, Renounce Religion, Evoke
Berserk Rage


You were on level 2 of the Lair of Beasts.
You worshipped Gozag.
Gozag was pleased with you.
You were not hungry.

You visited 2 branches of the dungeon, and saw 12 of its levels.
You also visited: Sewer.

You collected 1992 gold pieces.
You paid 1204 gold pieces to Gozag.

Inventory:

Hand Weapons
 a - a +0 war axe (weapon)
Armour
 b - a +0 scale mail (worn)
 c - a +0 shield (worn)
 o - a +2 pair of gloves (worn)
Jewellery
 s - an amulet of rage (around neck)
 u - the ring "Hiyqehoclih" (left hand) {Dex+4 Stlth+}
   (You found it on level 4 of the Dungeon)

   [ring of stealth]

   It affects your dexterity (+4).
   It makes you more stealthy.
 y - a +2 amulet of reflection
 A - an uncursed amulet of harm
 B - an uncursed ring of protection from fire
 H - an uncursed amulet of faith
 K - a +2 ring of evasion (right hand)
 L - an uncursed ring of protection from fire
 M - an uncursed ring of positive energy
Wands
 q - a wand of enslavement (10)
 r - a wand of disintegration (15)
 t - a wand of paralysis (7)
 w - a wand of digging (29)
 N - a wand of clouds (6)
 R - a wand of flame (20)
Scrolls
 h - 4 scrolls of enchant armour {unknown}
 i - 4 scrolls of fear {unknown}
 k - 4 scrolls of remove curse {unknown}
 l - 3 scrolls of teleportation {unknown}
 m - 6 scrolls of enchant weapon {unknown}
 n - 2 scrolls of random uselessness {unknown}
 p - a scroll of noise {unknown}
 v - a scroll of fog {unknown}
 D - a scroll of amnesia
 I - a scroll of magic mapping {unknown}
 J - a scroll of immolation {unknown}
 O - a scroll of acquirement {unknown}
 Q - 2 scrolls of identify
Potions
 d - 3 potions of might
 e - 3 potions of heal wounds
 g - 6 potions of curing
 j - 2 potions of magic
 x - 2 potions of haste
 z - a potion of berserk rage
 C - 2 potions of degeneration
 E - 2 potions of brilliance
 F - 3 potions of agility
 G - 3 potions of flight
 P - a potion of cancellation {unknown}
Comestibles
 f - 12 rations


   Skills:
 * Level 11.0 Fighting
 - Level 16.0 Axes
 + Level 8.3 Armour
 - Level 3.6 Shields


You had 10 spell levels left.
You didn't know any spells.

Dungeon Overview and Level Annotations

Branches:
Dungeon (10/15)            Temple (0/1) D:6            Lair (2/6) D:8
  Swamp: Lair:2-4    Shoals: Lair:2-4     Snake: Lair:2-4    Spider: Lair:2-4
    Orc: D:9-12

Altars:
Ashenzari
Dithmenos
Elyvilon
Gozag
Hepliaklqana
Kikubaaqudgha
Makhleb
Qazlal
Trog
Uskayaw
Wu Jian
Yredelemnul

Shops:
D:7 [   D:9 (

Annotations:
D:7 exclusion: ice statue


Innate Abilities, Weirdness & Mutations

You reflexively headbutt those who attack you in melee.
You have a pair of horns on your head.


Message History

You are lethally poisoned!
The spiny frog poisons you! You block the wolf's attack. The wolf bites you!
* * * LOW HITPOINT WARNING * * *
You are too berserk!
You closely miss the wolf. Your headbutt misses the wolf.
The wolf is heavily wounded.
You barely miss the wolf. You hit the wolf. You barely miss the spiny frog.
You slash the fungus!
* * * LOW HITPOINT WARNING * * *
You feel sick. You block the wolf's attack. The wolf bites you!
* * * LOW HITPOINT WARNING * * *
You miss the wolf. You headbutt the wolf!
The wolf is almost dead.
You hit the fungus.
You destroy the fungus!
You hit the spiny frog. You completely miss the wolf. You barely miss the wolf.
* * * LOW HITPOINT WARNING * * *
You feel sick. You block the wolf's attack. The spiny frog stings you!
You die...
Your body crumbles into a pile of gold.

#.#..# #........# ###..#
#........# #..# ##PPP..### ##
###.# ##..### ##P####...###
####.+#.## #..........P#
#........##
#...........####........)# +.
##.........hh..'........##...
#........hh@F#............#
#.<.......#.##.........#.#
#.........###.#.........##
............#####.##'#.#P#
######.(.##### ###...####
...## ##...## .### #..####
##FP..### ##.......###


You could see a spiny frog and 4 wolves.

Vanquished Creatures
  A two-headed ogre (D:9)
  The ghost of marcb3 the Ruffian, a novice TrMo of Makhleb (D:6)
  Pikel (D:4)
  The ghost of suicidejoker the Martial Artist, a novice OpMo of Gozag (D:7)
  Joseph (D:9)
  The ghost of theRoog the Chopper, a novice MiBe of Trog (D:4)
  Psyche (D:9)
  A gargoyle (D:10)
  3 spiny frogs (Lair:2)
  A polar bear (Lair:2)
  Prince Ribbit (D:7)
  3 hippogriffs
  A shadow (D:8)
  A basilisk (Lair:1)
  3 water moccasins
  3 porcupines
  A slave (D:4)
  An orc warrior (D:8)
  2 sky beasts
  A black bear (D:9)
  2 phantoms
  An ice beast (D:6)
  5 ogres
  The ghost of cardinal the Poker, an amateur MfAK of Lugonu (D:3)
  A wolf (Lair:2)
  3 crocodiles
  A big kobold (Sewer)
  6 bullfrogs
  A wyvern zombie (D:9)
  An elf skeleton (D:9)
  A scorpion (D:5)
  10 killer bees (D:9)
  A wight (D:9)
  2 jellies
  6 human zombies (D:9)
  6 crimson imps
  3 hounds
  3 orc wizards
  5 orc priests (D:8)
  A centaur skeleton (D:4)
  2 human skeletons (D:9)
  2 iguanas
  5 worker ants
  2 mummies (D:9)
  15 adders
  A howler monkey skeleton (D:4)
  4 river rats
  3 shadow imps
  3 oozes
  5 worms
  2 dart slugs
  5 leopard geckos
  25 orcs
  4 ball pythons
  8 bats
  4 giant cockroaches
  2 goblins (D:1)
  9 hobgoblins
  9 jackals
  6 frilled lizards
  21 kobolds
  A quokka zombie (D:6)
  28 rats
  2 fungi (Lair:2)
257 creatures vanquished.

Vanquished Creatures (others)
  A slave (D:4)
  A scorpion (D:4)
  7 fungi
  2 plants (Lair:2)
11 creatures vanquished.

Grand Total: 268 creatures vanquished

Notes
Turn   | Place    | Note
-------+----------+-------------------------------------------
     0 | D:1      | zishaf the Minotaur Fighter began the quest for the Orb.
     0 | D:1      | Reached XP level 1. HP: 19/19 MP: 0/0
   118 | D:1      | Reached skill level 3 in Axes
   124 | D:1      | Reached XP level 2. HP: 24/26 MP: 1/1
   210 | D:1      | Reached skill level 4 in Axes
   381 | D:1      | Reached XP level 3. HP: 28/31 MP: 2/2
   522 | D:2      | Found a shattered altar of Ashenzari.
   522 | D:2      | Found an ancient bone altar of Kikubaaqudgha.
   523 | D:2      | Found a stormy altar of Qazlal.
   523 | D:2      | Found an opulent altar of Gozag.
   563 | D:2      | Became a worshipper of Gozag Ym Sagoz the Greedy
   670 | D:2      | Reached skill level 5 in Axes
   917 | D:2      | Found a shadowy altar of Dithmenos.
  1104 | D:3      | Found a faded altar of an unknown god.
  1107 | D:3      | Noticed cardinal's ghost (amateur MfAK)
  1109 | D:3      | Reached XP level 4. HP: 39/39 MP: 3/3
  1119 | D:3      | Killed cardinal's ghost
  1119 | D:3      | Reached skill level 6 in Axes
  1119 | D:3      | Reached XP level 5. HP: 42/45 MP: 4/4
  1285 | D:3      | Reached skill level 7 in Axes
  1440 | D:3      | Found a hazy altar of Hepliaklqana.
  1544 | D:4      | Got a scintillating steel ring
  1545 | D:4      | Identified the ring "Hiyqehoclih" {Dex+4 Stlth+} (You found it on level 4 of the Dungeon)
  1562 | D:4      | Noticed a slave
  1562 | D:4      | Noticed a slave
  1563 | D:4      | Noticed Pikel
  1563 | D:4      | Noticed a slave
  1564 | D:4      | Noticed a slave
  1573 | D:4      | Killed a slave
  1575 | D:4      | Killed Pikel
  1575 | D:4      | Reached skill level 9 in Axes
  1575 | D:4      | Reached XP level 6. HP: 10/51 MP: 5/5
  1575 | D:4      | Reached XP level 7. HP: 12/57 MP: 6/6
  1577 | D:4      | Reached skill level 10 in Axes
  1996 | D:4      | Noticed theRoog's ghost (novice MiBe)
  2011 | D:4      | Killed theRoog's ghost
  2011 | D:4      | Reached skill level 11 in Axes
  2011 | D:4      | Reached XP level 8. HP: 64/64 MP: 7/7
  2356 | D:5      | Entered Level 5 of the Dungeon
  2493 | D:5      | Found a white marble altar of Elyvilon.
  2545 | D:5      | Reached skill level 12 in Axes
  2934 | D:5      | Found a burning altar of Makhleb.
  2934 | D:5      | Noticed a cacodemon
  3394 | D:6      | Found a staircase to the Ecumenical Temple.
  3465 | D:6      | Found a sand-covered staircase.
  3578 | D:6      | Found a glowing drain.
  3587 | Sewer    | Entered a sewer
  3598 | Sewer    | Reached skill level 13 in Axes
  4265 | D:6      | Noticed marcb3's ghost (novice TrMo)
  4279 | D:6      | Killed marcb3's ghost
  4279 | D:6      | Reached skill level 14 in Axes
  4279 | D:6      | Reached XP level 9. HP: 55/70 MP: 8/8
  5097 | D:7      | Noticed Prince Ribbit
  5123 | D:7      | Killed Prince Ribbit
  5123 | D:7      | Reached skill level 15 in Axes
  5124 | D:7      | Noticed an ice statue
  5285 | D:7      | Noticed suicidejoker's ghost (novice OpMo)
  5291 | D:7      | Killed suicidejoker's ghost
  5421 | D:7      | Reached skill level 16 in Axes
  5508 | D:7      | Found an ornate altar of the Wu Jian Council.
  5596 | D:7      | Found a bloodstained altar of Trog.
  5731 | D:8      | Reached XP level 10. HP: 52/79 MP: 9/9
  5972 | D:8      | Found a staircase to the Lair.
  6019 | D:8      | Reached skill level 5 in Fighting
  6369 | D:9      | Noticed Psyche
  6377 | D:9      | Killed Psyche
  6377 | D:9      | Reached skill level 5 in Armour
  6397 | D:9      | Found a hide-covered altar of Uskayaw.
  6573 | D:9      | Noticed a hand axe
  6573 | D:9      | Noticed a dagger
  7299 | D:9      | Noticed Joseph
  7371 | D:9      | Noticed a two-headed ogre
  7388 | D:9      | Killed a two-headed ogre
  7884 | D:9      | Killed Joseph
  8002 | D:9      | Found a basalt altar of Yredelemnul.
  8112 | D:10     | Entered Level 10 of the Dungeon
  8126 | D:10     | Noticed a gargoyle
  8140 | D:10     | Killed a gargoyle
  8516 | Lair:1   | Entered Level 1 of the Lair of Beasts
  8650 | Lair:1   | Reached XP level 11. HP: 99/99 MP: 10/10
  8918 | Lair:1   | Reached skill level 10 in Fighting
  9920 | Lair:2   | HP: 4/153 [wolf (9)]
  9921 | Lair:2   | Slain by a spiny frog

Skill      XL: |  1  2  3  4  5  6  7  8  9 10 11 |
---------------+----------------------------------+-----
Axes           | 3 4 5 6 9 11 14 16 | 16.0
Fighting       | 4 9 11 | 11.0
Armour         | 7 8 |  8.3
Shields        | |  3.6

Action                   |  1- 3 |  4- 6 |  7- 9 | 10-12 || total
-------------------------+-------+-------+-------+-------++-------
Melee: War axe           |   104 |    56 |   331 |   303 ||   794
       Headbutt          |    15 |     6 |    73 |    71 ||   165
Invok: Call Merchant     |       |       |     1 |     1 ||     2
 Abil: Evoke Berserk Rag |       |     1 |     2 |     1 ||     4
Evoke: Wand              |       |       |     2 |       ||     2
  Use: Scroll            |       |       |     9 |     1 ||    10
       Potion            |       |       |       |     3 ||     3
 Stab: Distracted        |       |       |     1 |     2 ||     3
       Sleeping          |       |       |     1 |       ||     1
  Eat: Ration            |       |     1 |     5 |     4 ||    10
Armor: Scale mail        |    51 |    27 |   108 |    79 ||   265
Dodge: Dodged            |    33 |    22 |    48 |    64 ||   167
Block: Shield            |    60 |    35 |   104 |    94 ||   293
